Unix NetHack Version 5.0.0-0 post-release - last build May  4 2026 22:22:43 (774f63e81ad911689b3a0859ea89b322d5daca8d,branch:main).

Game began 2026-05-05 16:21:41, ended 2026-05-05 16:40:53.

DaveT, lawful male human Priest

                                                              ---
                                                              |.|
                                                              |.--
                                                              |..|
                                                              |..-----
                                                      oo-     |....|.----
                                                     -.@|     |.........|--
                                                     |.)|     ----.....-|.-
                                                     |.[|---------.|....|..--
                                                     |..--.........|---.....|
                                                     --.......------  ---..<|
                                                      --------          -----
DaveT the Adept              St:12 Dx:12 Co:14 In:11 Wi:18 Ch:11  Lawful
Dlvl:8  $:29 HP:0(47) Pw:65(65) AC:3  Xp:6 T:2903 

Latest messages:
 You hit the gnome lord!
 The gnome lord misses!
 You hit the gnome lord!
 The gnome lord hits!
 You hit the gnome lord!
 The gnome lord hits!
 You miss the gnome lord.
 The gnome lord misses!
 You kill the gnome lord!
 There is a partly eaten gnome corpse here; eat it? [ynq] (n) y
 You resume your meal.
 You finish eating the gnome corpse.
 It is missed.
 You are hit by a poisoned crude arrow!
 It is hit.
 The Uruk-hai thrusts her crude short sword.
 The Uruk-hai hits!
 You hit the Uruk-hai!
 The Uruk-hai thrusts her crude short sword.
 The Uruk-hai hits!
 You hit the Uruk-hai!
 The Uruk-hai thrusts his crude short sword.
 The Uruk-hai hits!
 You hit the Uruk-hai!
 The Uruk-hai thrusts her crude short sword.
 The Uruk-hai hits!
 What do you want to drink? [dFIU or ?*] ?
 You feel better.
 You miss the Uruk-hai.
 The Uruk-hai thrusts her crude short sword.
 The Uruk-hai hits!
 The Uruk-hai thrusts his crude short sword.
 The Uruk-hai just misses!
 You kill the Uruk-hai!
 You miss the Uruk-hai.
 The Uruk-hai thrusts his crude short sword.
 The Uruk-hai hits!
 The Uruk-hai picks up a blessed coarse mantelet.
 You hit the Uruk-hai!
 The poisoned crude arrow hits the Uruk-hai.
 The poison doesn't seem to affect the Uruk-hai.
 The poisoned crude arrow misses the Uruk-hai.
 You are hit by a poisoned crude arrow.
 The Uruk-hai thrusts his crude short sword.
 The Uruk-hai hits!
 The Uruk-hai thrusts her crude short sword.
 The Uruk-hai hits!
 You die...
 Do you want your possessions identified? [ynq] (y) y
 Do you want to see your attributes? [ynq] (y) q

Inventory:
 Coins    ('$')
  $ - 29 gold pieces
 Weapons  (')')
  Q - 4 blessed +1 crossbow bolts
  x - 12 +0 darts
  T - 5 cursed -1 darts
  V - 5 +0 daggers
  o - a +0 orcish dagger (at the ready)
  S - a +0 aklys
  a - a blessed +3 mace (weapon in right hand)
 Armor    ('[')
  z - a +0 pair of leather gloves (being worn)
  A - a +0 pair of water walking boots (being worn)
  c - a +0 small shield (being worn)
  L - a +0 mummy wrapping
  b - a +0 robe (being worn)
  B - a +0 leather armor (being worn)
 Comestibles  ('%')
  e - a clove of garlic
  n - a food ration
  N - a partly eaten food ration
  R - a fortune cookie
  f - a sprig of wolfsbane
 Scrolls  ('?')
  C - a scroll of destroy armor
  D - a scroll of fire
  P - a scroll of teleportation
 Spellbooks  ('+')
  p - a spellbook of chain lightning
  E - a spellbook of teleport away
 Potions  ('!')
  I - a blessed potion of healing
  F - a potion of healing
  U - a blessed potion of oil
  d - 2 potions of holy water
 Rings    ('=')
  G - a ring of regeneration
  l - a ring of sustain ability
 Wands    ('/')
  q - a wand of digging (0:4)
  H - a wand of lightning (0:6)
  O - a wand of sleep (0:2)
 Tools    ('(')
  s - a bag of tricks (0:18)
  i - a skeleton key
 Gems/Stones  ('*')
  j - a worthless piece of blue glass

DaveT the Priest's attributes:

Background:
 You were an Adept, a level 6 human Priest.
 You were lawful, on a mission for Anu
 who was opposed by Ishtar (neutral) and Anshar (chaotic).
 You were right-handed.
 You were in the Gnomish Mines, on level 8.
 You entered the dungeon 2903 turns ago.
 You had 560 experience points, 80 more were needed to attain level 7.

Basics:
 You had 0 out of 47 hit points.
 You had all 65 energy points (spell power).
 Your armor class was 3.
 Your wallet contained 29 zorkmids.
 Autopickup was off.

Final Characteristics:
 Your strength was 12 (limit:18/100).
 Your dexterity was 12 (limit:18).
 Your constitution was 14 (limit:18).
 Your intelligence was 11 (limit:18).
 Your wisdom was 18 (limit:18).
 Your charisma was 11 (limit:18).

Final Status:
 You weren't hungry.
 You were unencumbered.
 You were wielding a mace.
 You had basic skill with mace and could have enhanced that.

Final Attributes:
 You were piously aligned.
 You could walk on water.
 You were guarded.
 Your spell casting was enhanced by wearing a robe.
 You are dead.

Miscellaneous:
 You didn't encounter any bones levels.
 Total elapsed playing time was 19 minutes and 12 seconds.

Major events:
 Turn
    1: DaveT the lawful human Priest entered the dungeon
  893: attained the rank of Acolyte (level 3)
 1738: entered the Gnomish Mines
 2394: attained the rank of Adept (level 6)
 2749: reached Mine Town
 2903: killed by an Uruk-hai

Spells:
 Name                 Level Category     Fail Retention
 light                  1   clerical       0%   81%-90%
 remove curse           3   clerical       0%   81%-90%

Skills:
 Fighting Skills
   bare handed combat [Unskilled]
 Weapon Skills
   club               [Unskilled]
   mace               [Basic]
   morning star       [Unskilled]
   flail              [Unskilled]
   hammer             [Unskilled]
   quarterstaff       [Unskilled]
   polearms           [Unskilled]
   spear              [Unskilled]
   trident            [Unskilled]
   lance              [Unskilled]
   bow                [Unskilled]
   sling              [Unskilled]
   crossbow           [Unskilled]
   dart               [Unskilled]
   shuriken           [Unskilled]
   boomerang          [Unskilled]
   unicorn horn       [Unskilled]
 Spellcasting Skills
   healing spells     [Unskilled]
   divination spells  [Unskilled]
   clerical spells    [Basic]

Voluntary challenges:
 Character rerolling was not enabled.
 You never genocided any monsters.
 You never polymorphed an object.
 You never changed form.
 You used no wishes.
Achievements:
 You entered a shop.
 You attained the rank of Acolyte.
 You entered the Gnomish Mines.
 You attained the rank of Adept.
 You entered Minetown.

 The Dungeons of Doom: levels 1 to 5
    Level 1:
    Level 2:
       A general store.
    Level 3:
       An armor shop, some fountains.
    Level 4:
       A general store.
       Stairs down to The Gnomish Mines.
    Level 5:
 The Gnomish Mines: levels 5 to 8
    Level 5:
    Level 6:
    Level 7:
    Level 8: <- You were here.
       Final resting place for
          you, killed by an Uruk-hai.


Vanquished creatures:
  a small mimic
  4 fire ants
 an Uruk-hai
  a pony
  a fog cloud
  7 gnome leaders
  2 kobold mummies
  3 giant ants
  a dwarf
  a homunculus
  2 dwarf zombies
  2 iguanas
 an acid blob
  a hobbit
  2 brown molds
  2 yellow molds
 22 gnomes
  a garter snake
  2 geckos
  7 jackals
  a fox
  2 kobolds
  2 goblins
  2 sewer rats
  4 grid bugs
  a bat
  2 lichens
  3 kobold zombies
  3 newts
84 creatures vanquished.

No species were genocided or became extinct.

Game over:
                       ----------
                      /          \
                     /    REST    \
                    /      IN      \
                   /     PEACE      \
                  /                  \
                  |      DaveT       |
                  |      29 Au       |
                  |   killed by an   |
                  |     Uruk-hai     |
                  |                  |
                  |                  |
                  |       2026       |
                 *|     *  *  *      | *
        _________)/\\_//(\/(/\)/\//\/|_)_______

Goodbye DaveT the Priest...

You died in The Gnomish Mines on dungeon level 8 with 2657 points,
and 29 pieces of gold, after 2903 moves.
You were level 6 with a maximum of 47 hit points when you died.

